 Dungeon Crawl Stone Soup version 0.31-a0-198-g2ad674f65e (webtiles) character file.

Game seed: 6240183173157846648

34 Demosthentine the Ducker (level 3, -1/23 (28) HPs)
             Began as a Demonspawn Gladiator on June 25, 2023.
             Slain by a hobgoblin (3 damage)
             ... led by Robin
             ... on level 4 of the Dungeon.
             The game lasted 00:00:54 (718 turns).

Demosthentine the Ducker (Demonspawn Gladiator)      Turns: 718, Time: 00:00:54

HP:   -1/23 (28)    AC:  4    Str: 16    XL:     3   Next: 14%
MP:   3/3           EV: 12    Int:  9    God:
Gold: 42            SH:  0    Dex: 14    Spells: 2/2 levels left

rFire   . . .        a - +0 trident
rCold   . . .        (no shield)
rNeg    . . .        b - +0 leather armour
rPois   .            c - +0 helmet
rElec   .            (no cloak)
rCorr   .            (no gloves)
SInv    .            (no boots)
Will    .....        (no amulet)
Stlth   +            (no ring)
HPRegen 0.23/turn    (no ring)
MPRegen 0.08/turn

%: no passive effects
@: lethally poisoned (-1 -> -19), heavily drained
A: demonic magic 1
a: no special abilities


You were on level 4 of the Dungeon.
You visited 1 branch of the dungeon, and saw 3 of its levels.

You collected 42 gold pieces.

Inventory:

Hand Weapons
 a - a +0 trident (weapon)
Missiles
 d - 3 throwing nets (quivered)
 e - a javelin
Armour
 b - a +0 leather armour (worn)
 c - a +0 helmet (worn)
 h - a +0 buckler
Potions
 f - a potion of mutation
 i - a potion of curing
 j - a potion of enlightenment


   Skills:
 + Level 2.4 Fighting
 + Level 3.0 Polearms
 - Level 1.7 Throwing
 + Level 1.0 Armour
 + Level 3.0 Dodging
 + Level 0.5 Shields


You had 2 spell levels left.
You didn't know any spells.
Your spell library was empty.

Dungeon Overview and Level Annotations

Branches:
Dungeon (2/15)

Altars:

Annotations:
D:4 Robin


Innate Abilities, Weirdness & Mutations

Spells you cast may paralyse adjacent enemies.


Message History

Robin is lightly wounded.
You feel very sick.
A goblin comes into view. It is wielding a +0 dagger.
Robin hits you with a +2 dagger of venom.
You hit Robin.
Robin is heavily wounded.
You feel very sick.
Robin hits you with a +2 dagger of venom.
You are lethally poisoned!
Unknown command.
It was a potion of curing.
You feel better.
The hobgoblin hits you but does no damage.
Robin throws the goblin at you!
Unknown command.
You hit Robin.
Robin is severely wounded.
The goblin barely misses you.
Robin says, "Kneel, worm!"
Robin hits you with a +2 dagger of venom.
You are poisoned.
The hobgoblin hits you.
You hit Robin but do no damage.
Robin is severely wounded.
You feel sick.
A goblin comes into view. It is wielding a +0 club.
The goblin hits you with a +0 dagger. Robin hits you but does no damage.
You are lethally poisoned!
The hobgoblin barely misses you.
The goblin shouts!
You hit Robin.
Robin is severely wounded.
* * * LOW HITPOINT WARNING * * *
You feel very sick.
Robin hits you with a +2 dagger of venom.
* * * LOW HITPOINT WARNING * * *
You are more poisoned.
The goblin hits you with a +0 dagger.
* * * LOW HITPOINT WARNING * * *
The hobgoblin hits you.
You die...

##.## ##...##
##.....##
#.......### #
#.......g. #
#.##.......#
..........gg# ..
#...g@#
#.##..#)##
#.......#
.##.##..#####
(...........#
..#####.###.#
###.###.########
...............#
.######.######.#


You could see Robin, a hobgoblin and 2 goblins.

Vanquished Creatures
  3 bats (D:1)
  3 endoplasms (D:1)
  2 giant cockroaches
  7 goblins
  A hobgoblin (D:1)
  2 jackals (D:1)
  2 quokkas (D:1)
  2 ball pythons (D:1)
  3 kobolds (D:1)
  5 rats (D:1)
30 creatures vanquished.

Notes
Turn   | Place    | Note
-------+----------+-------------------------------------------
     0 | D:1      | Demosthentine the Demonspawn Gladiator began the quest for
                  | the Orb.
     0 | D:1      | Reached XP level 1. HP: 16/16 MP: 1/1
   169 | D:1      | Gained mutation: Spells you cast may paralyse adjacent
                  | enemies. [demonic ancestry]
   169 | D:1      | Reached XP level 2. HP: 22/22 MP: 2/2
   431 | D:1      | Reached skill level 1 in Armour
   682 | D:2      | Reached XP level 3. HP: 20/22 MP: 3/3
   690 | D:2      | You fall into a shaft and drop 2 floors!
   707 | D:4      | Noticed Robin
   718 | D:4      | Slain by a hobgoblin

Illustrated notes

Levels and vault maps discovered:
D:1:      dpeg_arrival_long_road, layout_rooms, chequers_big_river,
          wad_floor_pattern_2
D:2:      layout_loops_cross
D:4:      layout_loops_ring, temple_pool_b, uniq_robin

Skill      XL: |  1  2  3 |
---------------+----------+-----
Dodging        | 3 |  3.0
Armour         | 1 |  1.0
Polearms       | 3 |  3.0
Fighting       | |  2.4
Throwing       | |  1.7
Shields        | |  0.5

Action                     || total
---------------------------++-------
  Melee: Trident           ||    97
    Use: Scroll            ||     2
         Potion            ||     1
 Armour: Leather armour    ||    28
  Dodge: Dodged            ||    61

Table legend: (Time is in decaauts)
 A = Elapsed time spent in this place.
 B = Non-inter-level travel time spent in this place.
 C = Inter-level travel time spent in this place.
 D = Time resting spent in this place.
 E = Time spent auto-exploring this place.
 F = Levels seen in this place.
 G = Mean time per level.
                   A        B        C        D        E       F      G
               +--------+--------+--------+--------+--------+-----+--------+
         Total |    737 |    729 |      8 |      0 |    532 |   3 |  245.7 |
       Dungeon |    737 |    729 |      8 |      0 |    532 |   3 |  245.7 |
               +--------+--------+--------+--------+--------+-----+--------+

Top non-repeatable levels by time:
     D:1: 687 daAuts
     D:4: 29 daAuts
     D:2: 20 daAuts
